 Dungeon Crawl Stone Soup version 0.21.1-1-g345015f (webtiles) character file.

107 diana the Chopper (level 4, -1/23 HPs)
             Began as a Vine Stalker Monk on May 27, 2018.
             Slain by an adder (3 damage)
             ... while paralysed by Grinder
             ... on level 3 of the Dungeon.
             The game lasted 00:04:13 (1589 turns).

diana the Chopper (Vine Stalker Monk)               Turns: 1589, Time: 00:04:14

Health: -1/23      AC:  3    Str: 14    XL:     4   Next: 86%
Magic:  0/5        EV:  2    Int: 10    God:
Gold:   151        SH:  0    Dex: 17    Spells: 3/3 levels left

rFire    . . .     SeeInvis .   a - +0 hand axe
rCold    + . .     Gourm    .   (no shield)
rNeg     . . .     Faith    .   b - +0 robe
rPois    .         Spirit   +   (no helmet)
rElec    .         Reflect  .   (no cloak)
rCorr    .         Harm     .   m - +0 pair of gloves
MR       .....                  (no boots)
Stlth    ++........             h - amulet of regeneration
HPRegen  0.87/turn              n - ring of protection from cold
MPRegen  0.09/turn              (no ring)

@: paralysed, lethally poisoned (-1 -> -1)
A: fangs 2, regeneration 1, magic shield, antimagic bite, no potion heal 3, rot
immunity
a: no special abilities


You were on level 3 of the Dungeon.
You were very hungry.

You visited 1 branch of the dungeon, and saw 3 of its levels.

You collected 151 gold pieces.

Inventory:

Hand Weapons
 a - a +0 hand axe (weapon)
Armour
 b - a +0 robe (worn)
 m - a +0 pair of gloves (worn)
Jewellery
 g - an uncursed amulet of the gourmand
 h - an amulet of regeneration (around neck)
 n - a ring of protection from cold (left hand)
Scrolls
 d - a scroll of enchant armour {unknown}
 e - 2 scrolls of random uselessness {unknown}
 i - a scroll of fear {unknown}
 j - 2 scrolls of remove curse {unknown}
 l - a scroll of identify {unknown}
Potions
 f - a potion of cancellation {unknown}
 k - a potion of magic {unknown}
 o - a potion of lignification {unknown}
 p - 2 potions of flight {unknown}
 q - 3 potions of curing {unknown}
 r - a potion of mutation {unknown}
Comestibles
 c - 4 rations


   Skills:
 - Level 2.6 Fighting
 + Level 4.9 Axes
 - Level 2.4 Dodging
 - Level 2.4 Stealth


You had 3 spell levels left.
You didn't know any spells.

Dungeon Overview and Level Annotations

Branches:
Dungeon (3/15)

Altars:
Hepliaklqana

Annotations:
D:3 Grinder


Innate Abilities, Weirdness & Mutations

You have extremely sharp teeth.
Your natural rate of healing is unusually fast.
When hurt, damage is shared between your health and your magic reserves.
Your bite disrupts and absorbs the magic of your enemies.
Potions cannot restore your health.
You are immune to rotting.


Message History

You miss the adder.
You feel sick. The adder bites you. Grinder gestures at you.
Pain shoots through your body!
* * * LOW HITPOINT WARNING * * *
You are too injured to fight recklessly!
You are too injured to fight recklessly!
You are too injured to fight recklessly!
You are too injured to fight recklessly!
You are too injured to fight recklessly!
You are too injured to fight recklessly!
You are too injured to fight recklessly!
The adder bites you.
* * * LOW HITPOINT WARNING * * *
You feel sick. Grinder gestures at you.
You suddenly lose the ability to move!
The adder bites you.
* * * LOW HITPOINT WARNING * * *
You feel sick. The adder bites you.
You die...

##..##.....##............
#..####.......#......... #..#
##.#..#.#.#....... . ####
###.#......#.......
..#########....(....##.......
..........................##.
........#................. ##
........#............
.!....†[...S@........
........##.5........#
.....%........##....#
........####### ####
#########


You could see Grinder and an adder.

Vanquished Creatures
  5 adders
  An ooze (D:3)
  2 worms (D:2)
  2 dart slugs
  A giant cockroach (D:1)
  4 goblins
  6 hobgoblins
  4 jackals (D:2)
  2 quokkas (D:2)
  7 bats
  2 frilled lizards (D:1)
  6 kobolds
  10 rats
52 creatures vanquished.

Notes
Turn   | Place    | Note
-------+----------+-------------------------------------------
     0 | D:1      | diana the Vine Stalker Monk began the quest for the Orb.
     0 | D:1      | Reached XP level 1. HP: 11/11 MP: 2/2
    50 | D:1      | Reached skill level 3 in Axes
   101 | D:1      | Reached XP level 2. HP: 8/16 MP: 1/3
   747 | D:2      | Reached XP level 3. HP: 9/19 MP: 2/4
   813 | D:2      | Reached skill level 4 in Axes
  1092 | D:2      | Gained mutation: Your natural rate of healing is unusually fast. [Vine Stalker growth]
  1092 | D:2      | Reached XP level 4. HP: 14/23 MP: 5/5
  1441 | D:2      | Found a hazy altar of Hepliaklqana.
  1578 | D:3      | Noticed Grinder
  1587 | D:3      | Paralysed by Grinder for 3 turns
  1589 | D:3      | Slain by an adder

Skill      XL: |  1  2  3 |
---------------+----------+-----
Axes           | 3 4 |  4.9
Fighting       | |  2.6
Dodging        | |  2.4
Stealth        | |  2.4

Action                   |  1- 3 |  4- 6 || total
-------------------------+-------+-------++-------
Melee: Hand axe          |    89 |    41 ||   130
       Bite              |    23 |    16 ||    39
 Stab: Sleeping          |     5 |     6 ||    11
  Eat: Chunk             |       |     1 ||     1
Armor: Robe              |    18 |     3 ||    21
Dodge: Dodged            |    57 |    21 ||    78
